 Dungeon Crawl Stone Soup version 0.20-a0-971-g5896763 (webtiles) character file.

100 Plebb the Skirmisher (level 4, 0/41 HPs)
             Began as a Minotaur Fighter on Apr 9, 2017.
             Killed by divine providence
             ... invoked by an orc priest
              (15 damage)
             ... on level 3 of the Dungeon.
             The game lasted 00:08:44 (1051 turns).

Plebb the Skirmisher (Minotaur Fighter)             Turns: 1051, Time: 00:08:45

Health: 0/41       AC:  7    Str: 21    XL:     4   Next: 47%
Magic:  3/3        EV:  7    Int:  5    God:
Gold:   117        SH:  9    Dex: 10    Spells: 3/3 levels left

rFire    . . .     SeeInvis .   a - +0 long sword
rCold    . . .     Gourm    .   c - +0 shield
rNeg     . . .     Faith    .   b - +0 scale mail
rPois    .         Spirit   .   (helmet restricted)
rElec    .         Reflect  .   (no cloak)
rCorr    .         Harm     .   (no gloves)
MR       .....                  (no boots)
Stlth    ..........             (no amulet)
Regen    0.2/turn               (no ring)
MPRegen  0.1/turn               (no ring)

@: no status effects
A: retaliatory headbutt, horns 2
a: no special abilities


You were on level 3 of the Dungeon.
You were not hungry.

You visited 1 branch of the dungeon, and saw 3 of its levels.

You collected 117 gold pieces.

Inventory:

Hand Weapons
 a - a +0 long sword (weapon)
 y - a +2 dagger of electrocution
 A - a +0 falchion
Missiles
 e - 15 curare-tipped needles
 g - 2 needles of confusion
 w - 15 poisoned needles
Armour
 b - a +0 scale mail (worn)
 c - a +0 shield (worn)
 u - a +0 scale mail
 B - a +0 chain mail
Jewellery
 h - an uncursed ring of ice {unknown}
 k - an uncursed amulet of magic regeneration {unknown}
Scrolls
 i - a scroll of blinking {unknown}
 l - a scroll of magic mapping {unknown}
 n - 3 scrolls of teleportation {unknown}
 p - 2 scrolls of identify {unknown}
 s - a scroll of enchant armour {unknown}
 t - a scroll of immolation {unknown}
 x - a scroll of noise {unknown}
Potions
 d - a potion of might
 j - 2 potions of heal wounds {unknown}
 m - 2 potions of curing {unknown}
 q - 2 potions of flight {unknown}
 r - a potion of invisibility {unknown}
 z - a potion of mutation {unknown}
Comestibles
 f - 3 bread rations
 o - a meat ration
 v - 2 royal jellies


   Skills:
 + Level 4.4 Fighting
 + Level 3.8 Long Blades
 + Level 4.3 Armour
 + Level 0.2 Dodging
 + Level 0.1 Stealth
 + Level 4.2 Shields


You had 3 spell levels left.
You didn't know any spells.

Dungeon Overview and Level Annotations

Branches:
Dungeon (3/15)

Altars:
Vehumet


Innate Abilities, Weirdness & Mutations

You reflexively headbutt those who attack you in melee.
You have a pair of horns on your head.


Message History

B - a chain mail
There is a stone staircase leading down here.
You climb downwards.
A giant cockroach, 6 orcs and an orc priest come into view.
The orc shouts! x5; The orc priest shouts!
Found 17 gold pieces.
There is a stone staircase leading up here.
An orc comes into view. It is wielding a dagger.
The orc shouts!
The orc priest calls down the wrath of Beogh upon you.
Beogh smites you! You block the giant cockroach's attack.
You block the giant cockroach's attack.
You see here 10 gold pieces.
You open the door. The giant cockroach barely misses you.
You riposte.
You closely miss the giant cockroach.
Your headbutt misses the giant cockroach.
The orc priest invokes the aid of Beogh against you.
Beogh smites you!
You die...

..#....<.......
#.#.##.....####
###.#.##o.....$..
#........o.......
#......ooo.......
#.....o..###.....
#.....o..# .##.#
#...so...# .# .#
#...@....#
###'###### ##


You could see an orc priest, 7 orcs and a giant cockroach.

Vanquished Creatures
  Jessica (D:2)
  4 adders (D:2)
  2 dart slugs (D:1)
  A giant cockroach (D:2)
  3 goblins
  4 hobgoblins (D:1)
  2 jackals (D:2)
  3 kobolds (D:1)
  A quokka (D:2)
  8 bats
  5 frilled lizards
  3 rats
37 creatures vanquished.

Notes
Turn   | Place    | Note
-------+----------+-------------------------------------------
     0 | D:1      | Plebb the Minotaur Fighter began the quest for the Orb.
     0 | D:1      | Reached XP level 1. HP: 19/19 MP: 0/0
   113 | D:1      | Reached XP level 2. HP: 20/27 MP: 1/1
   709 | D:2      | Found a radiant altar of Vehumet.
   725 | D:2      | Reached XP level 3. HP: 33/33 MP: 2/2
   972 | D:2      | Reached XP level 4. HP: 28/40 MP: 3/3
   992 | D:2      | Noticed Jessica
  1003 | D:2      | Killed Jessica
  1051 | D:3      | Killed from afar by an orc priest

Vault maps used:
D:1:      dpeg_arrival_arbitrary_c, minmay_pentomino_w4
D:2:      lemuel_doored_altar, first_bread, minmay_crystal_water,
          uniq_crazy_yiuf_cottage, uniq_jessica
D:3:      gammafunk_temple_overflow_elements, serial_aquarium,
          aquarium_bridge_square, aquarium_window_1, aquarium_window_fake,
          aquarium_view_2e, aquarium_view_2a

Skill      XL: |  1  2  3 |
---------------+----------+-----
Armour         | 4 |  4.3
Fighting       | 4 |  4.4
Long Blades    | 3 |  3.8
Shields        | 4 |  4.2
Dodging        | |  0.2
Stealth        | |  0.1

Action                   |  1- 3 |  4- 6 || total
-------------------------+-------+-------++-------
Melee: Long sword        |    74 |    10 ||    84
       Headbutt          |     7 |       ||     7
  Eat: Bread ration      |       |     1 ||     1
Armor: Scale mail        |    39 |     1 ||    40
Dodge: Dodged            |    32 |     2 ||    34
Block: Shield            |    38 |     7 ||    45
       Rpst.: Long sword |     9 |     2 ||    11
